 Dungeon Crawl Stone Soup version 0.27-a0-1590-g15f69828bf (webtiles) character file.

Game seed: 8768891802778189888

164 avis the Insei (level 5, -3/34 HPs)
             Began as an Octopode Transmuter on July 19, 2021.
             Was an Initiate of Gozag.
             Slain by a yak (12 damage)
             ... on level 3 of the Dungeon.
             The game lasted 00:18:44 (4096 turns).

avis the Insei (Octopode Transmuter)                Turns: 4096, Time: 00:18:45

Health: -3/34      AC:  1    Str: 11    XL:     5   Next: 45%
Magic:  17/17      EV: 13    Int: 15    God:    Gozag
Gold:   126        SH:  0    Dex: 12    Spells: 4/8 levels left

rFire    . . .     SeeInvis .   e - +0 dagger (venom)
rCold    . . .     Faith    .   (no shield)
rNeg     . . .     Spirit   .   (helmet restricted)
rPois    .         Reflect  .   (no amulet)
rElec    .         Harm     .   k - ring of magical power
rCorr    .         Rampage  .   (no ring)
Will     .....                  (no ring)
Stlth    +++.......             (no ring)
HPRegen  0.11/turn              (no ring)
MPRegen  0.15/turn              (no ring)
                                (no ring)
                                (no ring)

@: no status effects
A: almost no armour, amphibious, 8 rings, camouflage 1, gelatinous body 1,
(nimble swimmer 1), tentacles
a: Renounce Religion, Potion Petition, Call Merchant, Bribe Branch


You were on level 3 of the Dungeon.
You worshipped Gozag.
Gozag was aware of your devotion.
You visited 1 branch of the dungeon, and saw 4 of its levels.

You collected 155 gold pieces.
You paid 29 gold pieces to Gozag.

Inventory:

Hand Weapons
 b - a +0 hunting sling
 e - a +0 dagger of venom (weapon)
 o - a +0 dagger of venom
Missiles
 g - 72 stones
 m - 12 arrows
Jewellery
 k - a ring of magical power (left tentacle)
Wands
 n - a wand of polymorph (13)
Scrolls
 c - a scroll of holy word {unknown}
 i - 3 scrolls of identify {unknown}
 j - 2 scrolls of magic mapping {unknown}
 l - a scroll of fear {unknown}
 p - a scroll of summoning {unknown}
 q - 2 scrolls of enchant armour {unknown}
 s - a scroll of teleportation {unknown}
Potions
 a - a potion of invisibility {unknown}
 d - a potion of heal wounds {unknown}
 f - a potion of resistance {unknown}
 h - a potion of degeneration {unknown}
 r - a potion of curing {unknown}


   Skills:
 - Level 2.0 Fighting
 - Level 2.0 Dodging
 - Level 3.0 Stealth
 * Level 4.8 Unarmed Combat
 - Level 2.0 Spellcasting
 - Level 2.0 Transmutations
 - Level 2.0 Poison Magic


You had 4 spell levels left.
You knew the following spells:

 Your Spells              Type           Power      Damage    Failure   Level
a - Beastly Appendage     Tmut           14%        N/A       10%         1
p - Spider Form           Tmut/Pois      3%         N/A       28%         3

Your spell library contained the following spells:

 Spells                   Type           Power      Damage    Failure   Level
 Wereblood                Tmut           7%         N/A       14%         2
 Ignite Poison            Fire/Tmut/Pois 5%         N/A       36%         3
 Mephitic Cloud           Conj/Pois/Air  3%         N/A       45%         3
 Ice Form                 Ice/Tmut       4%         N/A       82%         4
 Bolt of Magma            Conj/Fire/Erth 0%         4d4       99%         5


Dungeon Overview and Level Annotations

Branches:
Dungeon (4/15)             Temple (0/1) D:4

Altars:
Dithmenos
Gozag

Annotations:
D:3 1 runed translucent door, exclusion: door, Crazy Yiuf


Innate Abilities, Weirdness & Mutations

You cannot wear most types of armour.
You are amphibious.
You can wear up to eight rings at the same time.
Your skin changes colour to match your surroundings (Stealth+).
Your rubbery body absorbs attacks. (AC +1, EV +1)
((You are camouflaged near water. (Stealth+)))
You have tentacles for arms and can constrict up to eight enemies at once.


Message History

You bite the orc!
You kill the orc!
Your transformation is almost over.
You now have 126 gold pieces (gained 7).
You see here a +0 hand axe.
There is a stone staircase leading down here.
You start resting.
Your transformation has ended.
Your +0 dagger of venom unmelds from your body.
Your +0 dagger of venom begins to drip with poison!
You start resting.
Magic restored.
You start waiting.
Done waiting.
Casting: Spider Form (quite dangerous; 28% risk of failure)
Confirm with . or Enter, or press ? or * to list all spells.
The spell is quite dangerous to cast (28% risk of failure)!
Continue anyway?
You turn into a venomous arachnid creature.
Your +0 dagger of venom melds into your body.
Your +0 dagger of venom stops dripping with poison.
You climb downwards.
A yak comes into view.
The yak gores you!
Ouch! That really hurt!
The yak barely misses you.
There is a stone staircase leading up here.
The yak gores you but does no damage. The yak gores you!
* * * LOW HITPOINT WARNING * * *
You climb upwards.
Level annotation: 1 runed translucent door, exclusion: door, Crazy Yiuf
There is a stone staircase leading down here.
Your transformation is almost over.
The yak gores you but does no damage.
You see here a +0 hand axe.
Your transformation has ended.
Your +0 dagger of venom unmelds from your body.
Your +0 dagger of venom begins to drip with poison!
There is a stone staircase leading up here.
The yak gores you!
You die...
Your body crumbles into a pile of gold.

##### #.Y.#
###.#Y# #.Y.#@#
######.##########
###
#...............#
#)..###
#.######.#.######
#g..+.###
#...............#
#...##..#
#.#..###.##.#####
### ###.
#.#...##.....#..#
##
##.##..####...#.##
#......# #...#.#


You could see 2 yaks.

Vanquished Creatures
  Ijyb (D:3)
  An orc wizard (D:3)
  Robin (D:3)
  2 worms
  4 dart slugs
  5 orcs (D:3)
  6 bats
  6 endoplasms
  2 giant cockroaches (D:1)
  6 hobgoblins
  8 jackals
  5 kobolds
  5 quokkas
  3 ball pythons
  2 frilled lizards (D:1)
  15 goblins
  4 rats
76 creatures vanquished.

Vanquished Creatures (others)
  A fungus (D:3)
1 creature vanquished.

Grand Total: 77 creatures vanquished

Notes
Turn   | Place    | Note
-------+----------+-------------------------------------------
     0 | D:1      | avis the Octopode Transmuter began the quest for the Orb.
     0 | D:1      | Reached XP level 1. HP: 13/13 MP: 3/3
    53 | D:1      | Found a faded altar of an unknown god.
    57 | D:1      | Reached skill level 1 in Stealth
   398 | D:1      | Reached XP level 2. HP: 19/19 MP: 1/5
   839 | D:1      | Reached XP level 3. HP: 24/24 MP: 4/6
   855 | D:1      | Learned a level 3 spell: Spider Form
  1051 | D:1      | Reached skill level 1 in Poison Magic
  2082 | D:2      | Reached XP level 4. HP: 25/29 MP: 7/7
  2568 | D:3      | Noticed Ijyb
  2618 | D:3      | Killed Ijyb
  2685 | D:3      | Noticed Robin
  2887 | D:2      | Reached skill level 4 in Unarmed Combat
  2913 | D:3      | Killed Robin
  2945 | D:3      | Reached XP level 5. HP: 34/34 MP: 8/8
  3484 | D:3      | Found a shadowy altar of Dithmenos.
  3484 | D:3      | Found an opulent altar of Gozag.
  3488 | D:3      | Became a worshipper of Gozag Ym Sagoz the Greedy
  3794 | D:3      | Found a runed translucent door.
  3795 | D:3      | Noticed Crazy Yiuf
  3936 | D:4      | Found a staircase to the Ecumenical Temple.
  3945 | D:4      | Noticed a yak
  3956 | D:4      | Noticed a yak
  4073 | D:4      | Noticed a yak
  4096 | D:3      | Slain by a yak

Illustrated notes

Levels and vault maps discovered:
D:1:      wander_arrival_desolate, layout_loops_ring,
          shapermc_ecumenical_altar_acropolis
D:2:      layout_loops_ring
D:3:      layout_basic, gammafunk_temple_overflow_wave, uniq_ijyb, uniq_robin,
          uniq_crazy_yiuf_cottage
D:4:      cheibrodos_old_hovel, layout_cave_pools, general_overflow_altar,
          minmay_temple_entry_offerings, serial_shops, shop

Skill      XL: |  1  2  3  4 |
---------------+-------------+-----
Stealth        | 1 2 3 |  3.0
Fighting       | 2 |  2.0
Poison Magic   | 2 |  2.0
Unarmed Combat | 4 |  4.8
Dodging        | |  2.0
Spellcasting   | |  2.0
Transmutations | |  2.0

Action                   |  1- 3 |  4- 6 || total
-------------------------+-------+-------++-------
Melee: Unarmed           |    69 |    44 ||   113
       Constrict         |    26 |    11 ||    37
       Tentacles         |    10 |     6 ||    16
       Kick              |    20 |     9 ||    29
       Dagger            |    21 |    43 ||    64
       Punch             |       |     1 ||     1
 Cast: Beastly Appendage |    34 |    19 ||    53
       Spider Form       |       |     8 ||     8
 Stab: Sleeping          |    13 |     4 ||    17
Armor: Skin              |     9 |     8 ||    17
Dodge: Dodged            |    47 |    59 ||   106

Table legend: (Time is in decaauts)
 A = Elapsed time spent in this place.
 B = Non-inter-level travel time spent in this place.
 C = Inter-level travel time spent in this place.
 D = Time resting spent in this place.
 E = Time spent auto-exploring this place.
 F = Levels seen in this place.
 G = Mean time per level.
                   A        B        C        D        E       F      G
               +--------+--------+--------+--------+--------+-----+--------+
         Total |   4101 |   3740 |    361 |   1399 |   1450 |   4 | 1025.2 |
       Dungeon |   4101 |   3740 |    361 |   1399 |   1450 |   4 | 1025.2 |
               +--------+--------+--------+--------+--------+-----+--------+

Top non-repeatable levels by time:
     D:1: 1649 daAuts
     D:3: 1329 daAuts
     D:2: 1060 daAuts
     D:4: 61 daAuts
